 Dungeon Crawl Stone Soup version 0.30-b1-2-g02819fbbbe (webtiles) character file.

Game seed: 3519398884929113108

32 raph the Sneak (level 3, -1/19 HPs)
             Began as a Kobold Enchanter on Jan 4, 2024.
             Frozen to death by an endoplasm (5 damage)
             ... on level 2 of the Dungeon.
             The game lasted 00:01:51 (1101 turns).

raph the Sneak (Kobold Enchanter)                   Turns: 1101, Time: 00:01:52

Health: -1/19      AC:  2    Str:  5    XL:     3   Next: 42%
Magic:  0/6        EV: 15    Int: 16    God:
Gold:   46         SH:  0    Dex: 17    Spells: 4/6 levels left

rFire   . . .        b - +0 rapier
rCold   . . .        (no shield)
rNeg    . . .        m - +0 robe
rPois   .            (no helmet)
rElec   .            (no cloak)
rCorr   .            (no gloves)
SInv    .            (no boots)
Will    .....        (no amulet)
Stlth   ++++         (no ring)
HPRegen 0.23/turn    (no ring)
MPRegen 0.10/turn

%: no passive effects
@: very slightly contaminated
A: small, no large weapons, nightstalker 3
a: no special abilities


You were on level 2 of the Dungeon.
You visited 1 branch of the dungeon, and saw 2 of its levels.

You collected 46 gold pieces.

Inventory:

Hand Weapons
 a - a +1 dagger
 b - a +0 rapier (weapon)
Missiles
 e - a throwing net (quivered)
Armour
 d - a +0 pair of gloves
 m - a +0 robe (worn)
Jewellery
 g - an amulet of regeneration
Scrolls
 f - a scroll of enchant weapon {unknown}
 h - a scroll of teleportation {unknown}
 k - a scroll of identify {unknown}
Potions
 c - a potion of invisibility
 i - 2 potions of attraction {unknown}
 j - a potion of might {unknown}
 l - 3 potions of lignification {unknown}


   Skills:
 * Level 2.4 Short Blades
 + Level 2.7 Dodging
 * Level 4.7 Stealth
 + Level 2.4 Spellcasting
 + Level 3.1 Hexes


You had 4 spell levels left.
You knew the following spells:

 Your Spells              Type           Power      Damage    Failure   Level
a - Ensorcelled Hibernat  Hex/Ice        14%        N/A       16%         2

Your spell library contained the following spells:

 Spells                   Type           Power      Damage    Failure   Level
 Confusing Touch          Hex            12%        N/A       16%         3
 Tukima's Dance           Hex            12%        N/A       16%         3
 Dazzling Flash           Conj/Hex       14%        N/A       30%         3


Dungeon Overview and Level Annotations

Branches:
Dungeon (2/15)

Altars:


Innate Abilities, Weirdness & Mutations

You are small and have problems with some larger weapons.
You are completely attuned to the shadows.


Message History

Casting: Ensorcelled Hibernation (safe; 16% risk of failure)
Confirm with . or Enter, or press ? or * to list all spells.
Aiming: Ensorcelled Hibernation (safe; 16% risk of failure)
Press: ? - help, Shift-Dir - straight line, f - endoplasm
Aim: an endoplasm (chance to affect: 57%)
The endoplasm resists with significant effort.
You feel sick. The adder completely misses you. The adder bites you.
The endoplasm freezes you. The endoplasm attacks as you move away!
The endoplasm closely misses you.
You feel sick.
You feel sick.
You flicker back into view.
You feel sick. The adder barely misses you.
You feel sick.
You are no longer poisoned.
Casting: Ensorcelled Hibernation (safe; 16% risk of failure)
Confirm with . or Enter, or press ? or * to list all spells.
Aiming: Ensorcelled Hibernation (safe; 16% risk of failure)
Press: ? - help, Shift-Dir - straight line, f/p - endoplasm
Aim: an endoplasm (chance to affect: 57%)
The adder looks drowsy...
The helpless adder fails to defend itself.
You puncture the adder!
You kill the adder!
Casting: Ensorcelled Hibernation (safe; 16% risk of failure)
Confirm with . or Enter, or press ? or * to list all spells.
Aiming: Ensorcelled Hibernation (safe; 16% risk of failure)
Press: ? - help, Shift-Dir - straight line, f/p - endoplasm
Aim: an endoplasm (chance to affect: 58%)
You miscast Ensorcelled Hibernation.
You are very lightly contaminated with residual magic.
Nothing appears to happen.
The endoplasm freezes you.
You are frozen.
* * * LOW HITPOINT WARNING * * *
You hit the endoplasm.
The endoplasm is moderately wounded.
The endoplasm freezes you.
You are frozen.
You die...

#..##.... #.# #..##.###
#.# ###........
#.####.......###
#.##..<..##### #
###.##.....#######
#.................
..#.####.....#.#####
####.#@# #.....#.####
##....#J## ###.###..†.#
......#..####...#####.#
....†).......###.####.##
......#......# #........
#.###.#.####.###.##.#.##
#.#.# ##)..##.#..##
#)#.# ##...>###... #.#
#.###.#.###


You could see an endoplasm.

Vanquished Creatures
  An adder (D:2)
  A worm (D:2)
  2 dart slugs
  A ball python (D:1)
  A bat (D:1)
  5 goblins
  A hobgoblin (D:1)
  A kobold (D:1)
  3 rats
16 creatures vanquished.

Notes
Turn   | Place    | Note
-------+----------+-------------------------------------------
     0 | D:1      | raph the Kobold Enchanter began the quest for the Orb.
     0 | D:1      | Reached XP level 1. HP: 10/10 MP: 3/3
   378 | D:1      | Reached XP level 2. HP: 15/15 MP: 5/5
   974 | D:2      | Learned a level 2 spell: Ensorcelled Hibernation
  1076 | D:2      | Reached XP level 3. HP: 19/19 MP: 6/6
  1101 | D:2      | Frozen to death by an endoplasm

Illustrated notes

Levels and vault maps discovered:
D:1:      wander_arrival_abandoned_jail, layout_loops_ring,
          minmay_misc_feat_diagonals
D:2:      minmay_recursive_quarters, layout_loops_ring

Skill      XL: |  1  2 |
---------------+-------+-----
Short Blades   | 2 |  2.4
Dodging        | |  2.7
Stealth        | |  4.7
Spellcasting   | |  2.4
Hexes          | |  3.1

Action                     || total
---------------------------++-------
  Melee: Dagger            ||    22
         Rapier            ||    12
   Cast: Ensorcelled Hiber ||     2
    Use: Potion            ||     1
   Stab: Sleeping          ||    12
 Armour: Robe              ||     8
  Dodge: Dodged            ||    24
